 Dungeon Crawl Stone Soup version 0.28.0-53-g5a82cb258f (webtiles) character file.

Game seed: 3007494339518072382

109 Peloso the Covered (level 4, -5/41 HPs)
             Began as a Minotaur Fighter on May 28, 2022.
             Killed by divine providence
             ... invoked by an orc priest
              (12 damage)
             ... on level 3 of the Dungeon.
             The game lasted 00:02:39 (2096 turns).

Peloso the Covered (Minotaur Fighter)               Turns: 2096, Time: 00:02:40

Health: -5/41      AC:  9    Str: 18 (21) XL:     4   Next: 60%
Magic:  3/3        EV:  7    Int:  4 (5)  God:
Gold:   99         SH:  4    Dex:  8 (11) Spells: 3/3 levels left

rFire   . . .      SeeInvis .   a - +0 long sword
rCold   . . .      Faith    .   c - +0 buckler
rNeg    . . .      Spirit   .   m - +0 chain mail
rPois   .          Reflect  .   (helmet restricted)
rElec   .          Harm     .   (no cloak)
rCorr   .          Rampage  .   (no gloves)
Will    .....                   (no boots)
Stlth   ..........              (no amulet)
HPRegen 0.13/turn               (no ring)
MPRegen 0.08/turn               (no ring)

@: brilliant
A: horns 2, retaliatory headbutt
a: no special abilities


You were on level 3 of the Dungeon.
You visited 1 branch of the dungeon, and saw 3 of its levels.

You collected 99 gold pieces.

Inventory:

Hand Weapons
 a - a +0 long sword (weapon)
Armour
 b - a +0 scale mail
 c - a +0 buckler (worn)
 m - a +0 chain mail (worn)
Jewellery
 e - a ring of fire
Scrolls
 f - 2 scrolls of teleportation {unknown}
 h - 2 scrolls of identify {unknown}
 j - a scroll of enchant weapon {unknown}
 k - a scroll of holy word {unknown}
Potions
 d - a potion of might
 l - a potion of heal wounds {unknown}


   Skills:
 + Level 4.5 Fighting
 + Level 3.3 Long Blades
 + Level 4.5 Armour
 + Level 1.1 Dodging
 + Level 4.4 Shields


You had 3 spell levels left.
You didn't know any spells.
Your spell library was empty.

Dungeon Overview and Level Annotations

Branches:
Dungeon (3/15)

Altars:

Shops:
D:2 [


Innate Abilities, Weirdness & Mutations

You have a pair of horns on your head.
You reflexively headbutt those who attack you in melee.


Message History

You barely miss the orc.
The gnoll shouts!
The orc hits you but does no damage.
You hit the orc but do no damage.
A gnoll comes into view. It is wielding a +0 whip.
The orc hits you but does no damage.
The gnoll moves out of view.
Unknown command.
You barely miss the orc. Your headbutt misses the orc.
You block the orc's attack. The orc closely misses you.
You furiously retaliate!
You headbutt the orc!
You kill the orc!
Unknown command.
You slash the gnoll! You headbutt the gnoll.
You kill the gnoll!
Unknown command.
You barely miss the rat. The rat bites you but does no damage.
The orc closely misses you. The gnoll completely misses you.
Unknown command.
You barely miss the orc. You headbutt the orc, but do no damage.
You block the rat's attack. You block the orc's attack.
The gnoll hits you but does no damage. The rat bites you but does no damage.
The orc hits you with a +0 dagger.
Unknown command.
You hit the orc.
You kill the orc!
You block the gnoll's attack.
The orc priest calls down the wrath of Beogh upon you.
Beogh smites you!
* * * LOW HITPOINT WARNING * * *
The rat bites you but does no damage.
It was a potion of degeneration.
There was something very wrong with that liquid.
You feel weakened.
You feel dopey.
You feel clumsy. The gnoll barely misses you.
The rat bites you but does no damage.
It was a potion of brilliance.
You feel clever all of a sudden. The gnoll hits you but does no damage.
The orc priest invokes the aid of Beogh against you.
Beogh smites you!
You die...

.......# #......#
#......# #......#
#......#
##......#######
.'............. .
#.....).########...g
...##.......o@rgg....
#....########....
#....# . ### #....#
... #....# ### #....#
########.####
#........# #.########


You could see an orc priest, 3 gnolls and a rat.

Vanquished Creatures
  4 adders
  A gnoll (D:3)
  2 worms (D:2)
  2 dart slugs (D:1)
  4 orcs (D:3)
  4 endoplasms
  A giant cockroach (D:1)
  5 goblins
  2 hobgoblins
  A quokka (D:1)
  3 ball pythons
  9 bats
  2 frilled lizards (D:3)
  4 kobolds
  10 rats
54 creatures vanquished.

Notes
Turn   | Place    | Note
-------+----------+-------------------------------------------
     0 | D:1      | Peloso the Minotaur Fighter began the quest for the Orb.
     0 | D:1      | Reached XP level 1. HP: 19/19 MP: 0/0
   162 | D:1      | Reached XP level 2. HP: 21/27 MP: 1/1
   713 | D:2      | Reached XP level 3. HP: 23/33 MP: 2/2
  1198 | D:2      | Found Saomyesch's Armour Shop.
  1611 | D:2      | Reached XP level 4. HP: 32/40 MP: 3/3
  1965 | D:3      | Reached skill level 1 in Dodging
  2096 | D:3      | Killed from afar by an orc priest

Illustrated notes

Levels and vault maps discovered:
D:1:      dpeg_arrival_tiny_a, layout_rooms, nicolae_wormholes
D:2:      layout_basic, serial_shops, shop, minmay_rat_gold_closets
D:3:      layout_basic, makhleb_altar_promises_db,
          hellmonk_ecumenical_altar_watching_god, minmay_bisected

Skill      XL: |  1  2  3  4 |
---------------+-------------+-----
Shields        | 4 |  4.4
Armour         | 4 |  4.5
Fighting       | 4 |  4.5
Long Blades    | 3 |  3.3
Dodging        | 1 |  1.1

Action                   |  1- 3 |  4- 6 || total
-------------------------+-------+-------++-------
Melee: Long sword        |    81 |    23 ||   104
       Headbutt          |     5 |     4 ||     9
  Use: Potion            |       |     2 ||     2
Armor: Scale mail        |    47 |     2 ||    49
       Chain mail        |       |    16 ||    16
Dodge: Dodged            |    31 |    17 ||    48
Block: Buckler           |    22 |    13 ||    35
